 Dungeon Crawl Stone Soup version 0.22-a0-15-g4f60a598d5 (webtiles) character file.

0 Manul the Ducker (level 1, -13/11 HPs)
             Began as a Spriggan Abyssal Knight on Jan 2, 2018.
             Was a Follower of Lugonu.
             Mangled by a thrashing horror (15 damage)
             ... on level 1 of the Abyss.
             The game lasted 00:01:14 (303 turns).

Manul the Ducker (Spriggan Abyssal Knight)           Turns: 303, Time: 00:01:14

Health: -13/11     AC:  2    Str:  8    XL:     1   Next: 0%
Magic:  3/3        EV: 18    Int: 13    God:    Lugonu [*.....]
Gold:   26         SH:  0    Dex: 15    Spells: 0/0 levels left

rFire    . . .     SeeInvis +   a - +1 short sword
rCold    . . .     Gourm    .   (shield restricted)
rNeg     . . .     Faith    .   b - +0 robe
rPois    .         Spirit   .   (helmet restricted)
rElec    .         Reflect  .   (no cloak)
rCorr    .         Harm     .   (gloves unavailable)
MR       .....                  (boots unavailable)
Stlth    +.........             (no amulet)
HPRegen  0.00/turn              (no ring)
MPRegen  0.08/turn              (no ring)

@: non-regenerating, mildly diseased, very quick
A: very small, unfitting armour, see invisible, herbivore, speed 3, slow
metabolism 2
a: Depart the Abyss, Renounce Religion


You were on level 1 of the Abyss.
You worshipped Lugonu.
Lugonu was aware of your devotion.
You were not hungry.

You visited 0 branches of the dungeon, and saw 0 of its levels.
You visited the Abyss 1 time.

You collected 26 gold pieces.

Inventory:

Hand Weapons
 a - a +1 short sword (weapon)
Armour
 b - a +0 robe (worn)
Scrolls
 d - a scroll of remove curse {unknown}
 e - a scroll of teleportation {unknown}
Comestibles
 c - 2 rations


   Skills:
 + Level 2.4 Fighting
 + Level 2.1 Short Blades
 + Level 3.5 Dodging
 + Level 1.7 Invocations


You couldn't memorise any spells.
You didn't know any spells.

Dungeon Overview and Level Annotations

Branches:
Dungeon (0/15)

Altars:


Innate Abilities, Weirdness & Mutations

You are very small and have problems with some larger weapons.
You are too small for most types of armour.
You have supernaturally acute eyesight. (SInv)
You are a herbivore.
You cover ground extremely quickly.
You need consume almost no food.


Message History

The thrashing horror misses you.
The thrashing horror completely misses you.
The thrashing horror roars!
The thrashing horror tramples you.
You hold your ground!
The thrashing horror closely misses you.
The thrashing horror roars!
The thrashing horror misses you.
The thrashing horror closely misses you.
The thrashing horror completely misses you.
The thrashing horror barely misses you.
The thrashing horror roars!
The thrashing horror tramples you.
* * * LOW HITPOINT WARNING * * *
You stumble backwards!
The thrashing horror roars!
The thrashing horror closely misses you. x2
The thrashing horror roars!
The thrashing horror tramples you!
Ouch! That really hurt!
You die...

#..#.#......###
.## ##... ...##.#
###
#....####...##.
#..##......#..
##...#..#.##.##
#.###....#...
#.##.#..##.#.# #
##....#.##.##
#.##..X@....#
#.ยง#...#..#.....
.#.#..#...# #..
#. #...#...#
##.#.#### ## #


You could see a thrashing horror.

Vanquished Creatures (others)
  6 starspawn tentacles (Abyss:1)
6 creatures vanquished.

Notes
Turn   | Place    | Note
-------+----------+-------------------------------------------
     0 | Abyss:1  | Manul the Spriggan Abyssal Knight began the quest for the Orb.
     0 | Abyss:1  | Reached XP level 1. HP: 11/11 MP: 3/3
    98 | Abyss:1  | Noticed an ancient zyme
   106 | Abyss:1  | Noticed a thrashing horror
   125 | Abyss:1  | Noticed a chaos spawn
   165 | Abyss:1  | Noticed a ynoxinul
   190 | Abyss:1  | Noticed a large abomination
   220 | Abyss:1  | Noticed an ancient zyme
   226 | Abyss:1  | Noticed a small abomination
   239 | Abyss:1  | Noticed a tentacled starspawn
   239 | Abyss:1  | Noticed a large abomination
   249 | Abyss:1  | Noticed a small abomination
   262 | Abyss:1  | Noticed a starcursed mass
   268 | Abyss:1  | Noticed a tentacled starspawn
   288 | Abyss:1  | Noticed a thrashing horror
   303 | Abyss:1  | Mangled by a thrashing horror

Vault maps used:

Action                   || total
-------------------------++-------
Dodge: Dodged            ||    18

Table legend:
 A = Spawn XP
 B = Non-spawn XP
 C = Spawn XP percentage of total XP
 D = Spawn monster count
 E = Non-spawn monster count
 F = Spawn count percentage of total count
 G = Total turns spent on level
                    A         B        C        D         E        F      G
               +---------+---------+-------+---------+---------+-------+---------
         Total |       0 |       0 |   N/A |       0 |       0 |   N/A |   303
               +---------+---------+-------+---------+---------+-------+---------
               +---------+---------+-------+---------+---------+-------+---------
